SL
HARTFORD WHALERS @ ROCKY MOUNTAIN NUGGETS
07/06/2018
 
TOP OF THE 1ST
Hartford Whalers batting - Pitching for Rocky Mountain Nuggets : RHP John Braun
Pitching: RHP John Braun
Batting: RHB Roberto Ramírez 0-0: Swinging Strike
0-1: Ball
1-1: Ground out 5-3 (Groundball, 5S)
Batting: RHB Félix Rodríguez 0-0: Ball
1-0: Foul Ball, location: 2F
1-1: SINGLE (Flyball, 4MD)
Batting: RHB Tyrone Scott 0-0: Called Strike
0-1: Ball
Félix Rodríguez is caught stealing 2nd base
1-1: Ball
2-1: Fly out, F6 (Popup, 6MS)
Top of the 1st over - 0 run(s), 1 hit(s), 0 error(s), 0 left on base; Hartford 0 - Rocky Mountain 0
BOTTOM OF THE 1ST
Rocky Mountain Nuggets batting - Pitching for Hartford Whalers : RHP Dave Parrish
Pitching: RHP Dave Parrish
Batting: LHB John Braun 0-0: Ball
1-0: Ground out 6-3 (Groundball, 6M)
Batting: LHB Keith McKnight 0-0: Ball
1-0: Called Strike
1-1: Bunted foul
1-2: Foul Ball, location: 2F
1-2: Ball
2-2: Foul Ball, location: 2F
2-2: Ground out 4-3 (Groundball, 34)
Batting: RHB David Verhoeve 0-0: Swinging Strike
0-1: Ball
1-1: Called Strike
1-2: Foul Ball, location: 2F
1-2: Strikes out swinging
Bottom of the 1st over - 0 run(s), 0 hit(s), 0 error(s), 0 left on base; Hartford 0 - Rocky Mountain 0
TOP OF THE 2ND
Hartford Whalers batting - Pitching for Rocky Mountain Nuggets : RHP John Braun
Batting: SHB Robert Shelby 0-0: Foul Ball, location: 2F
0-1: Foul Ball, location: 2F
0-2: Ground out 3-1 (Groundball, 34S)
Batting: LHB César Durán 0-0: Ball
1-0: Swinging Strike
1-1: Swinging Strike
1-2: Strikes out swinging
Batting: LHB Leonardo López 0-0: Ball
1-0: SOLO HOME RUN (Flyball, 9D), Distance : 389 ft
Batting: RHB Dave Farr 0-0: Called Strike
0-1: Ball
1-1: Ball
2-1: Ball
3-1: Base on Balls
Batting: RHB Dave O'Day 0-0: Swinging Strike
0-1: Swinging Strike
0-2: Strikes out looking
Top of the 2nd over - 1 run(s), 1 hit(s), 0 error(s), 1 left on base; Hartford 1 - Rocky Mountain 0
BOTTOM OF THE 2ND
Rocky Mountain Nuggets batting - Pitching for Hartford Whalers : RHP Dave Parrish
Batting: LHB Jason Potter 0-0: Ball
1-0: Called Strike
1-1: Foul Ball, location: 2F
1-2: SINGLE (Groundball, 34D)
Batting: RHB Juan Ávila 0-0: Called Strike
0-1: Ball
1-1: Foul Ball, location: 2F
1-2: Ball
2-2: Ball
3-2: Base on Balls
Jason Potter to second
Batting: SHB Jim Morris 0-0: Ball
1-0: Called Strike
1-1: Foul Ball, location: 2F
1-2: Ball
2-2: Ball
3-2: Foul Ball, location: 2F
3-2: Foul Ball, location: 2F
3-2: Base on Balls
Jason Potter to third
Juan Ávila to second
Batting: RHB Mark Melton 0-0: Ball
1-0: Called Strike
1-1: Grounds into double play, 6-4-3 (Groundball, 6)
Jason Potter scores
Juan Ávila to third
Batting: SHB Quan Ge 0-0: Ball
1-0: Ball
2-0: Called Strike
2-1: Foul Ball, location: 2F
2-2: Strikes out swinging
Bottom of the 2nd over - 1 run(s), 1 hit(s), 0 error(s), 1 left on base; Hartford 1 - Rocky Mountain 1
TOP OF THE 3RD
Hartford Whalers batting - Pitching for Rocky Mountain Nuggets : RHP John Braun
Batting: RHB Dave Parrish 0-0: Ball
1-0: DOUBLE (Flyball, 78M)
Batting: RHB Roberto Ramírez 0-0: Ball
1-0: Called Strike
1-1: Ball
Wild Pitch!
Dave Parrish to third
2-1: Ball
3-1: Called Strike
3-2: Base on Balls
Batting: RHB Félix Rodríguez 0-0: Ball
1-0: Grounds into double play, 5-4-3 (Groundball, 5L)
Dave Parrish scores
Batting: RHB Tyrone Scott 0-0: Fly out, F8 (Line Drive, 89M)
Top of the 3rd over - 1 run(s), 1 hit(s), 0 error(s), 0 left on base; Hartford 2 - Rocky Mountain 1
BOTTOM OF THE 3RD
Rocky Mountain Nuggets batting - Pitching for Hartford Whalers : RHP Dave Parrish
Batting: RHB Mike Green 0-0: Called Strike
0-1: Foul Ball, location: 2F
0-2: Ball
1-2: Ball
2-2: Foul Ball, location: 2F
2-2: SINGLE (Line Drive, 56)
Batting: LHB John Braun 0-0: Called Strike
Mike Green is caught stealing 2nd base
0-1: Called Strike
0-2: Strikes out swinging
Batting: LHB Keith McKnight 0-0: Called Strike
0-1: Called Strike
0-2: Ground out 6-3 (Groundball, 56)
Bottom of the 3rd over - 0 run(s), 1 hit(s), 0 error(s), 0 left on base; Hartford 2 - Rocky Mountain 1
TOP OF THE 4TH
Hartford Whalers batting - Pitching for Rocky Mountain Nuggets : RHP John Braun
Batting: SHB Robert Shelby 0-0: Called Strike
0-1: Ball
1-1: Swinging Strike
1-2: Fly out, F6 (Popup, 6MD)
Batting: LHB César Durán 0-0: Ball
1-0: Foul Ball, location: 2F
1-1: Foul Ball, location: 2F
1-2: Ball
2-2: Strikes out swinging
Batting: LHB Leonardo López 0-0: Ground out U3 (Groundball, 3L)
Top of the 4th over - 0 run(s), 0 hit(s), 0 error(s), 0 left on base; Hartford 2 - Rocky Mountain 1
BOTTOM OF THE 4TH
Rocky Mountain Nuggets batting - Pitching for Hartford Whalers : RHP Dave Parrish
Batting: RHB David Verhoeve 0-0: Foul Ball, location: 2F
0-1: Ground out 4-3 (Groundball, 4)
Batting: LHB Jason Potter 0-0: Ball
1-0: Ball
2-0: Called Strike
2-1: Ball
3-1: Base on Balls
Batting: RHB Juan Ávila 0-0: Swinging Strike
0-1: Fielders Choice at 2nd, 1-6 (Groundball, 15)
Batting: SHB Jim Morris 0-0: Foul Ball, location: 2F
0-1: Ball
1-1: Foul Ball, location: 2F
1-2: Ball
2-2: Ground out 5-3 (Groundball, 56S)
Bottom of the 4th over - 0 run(s), 0 hit(s), 0 error(s), 1 left on base; Hartford 2 - Rocky Mountain 1
TOP OF THE 5TH
Hartford Whalers batting - Pitching for Rocky Mountain Nuggets : RHP John Braun
Batting: RHB Dave Farr 0-0: Ball
1-0: Foul Ball, location: 2F
1-1: Fly out, F8 (Flyball, 8LS)
Batting: RHB Dave O'Day 0-0: Called Strike
0-1: Ground out 6-3 (Groundball, 6)
Batting: RHB Dave Parrish 0-0: Ground out 6-3 (Groundball, 6)
Top of the 5th over - 0 run(s), 0 hit(s), 0 error(s), 0 left on base; Hartford 2 - Rocky Mountain 1
BOTTOM OF THE 5TH
Rocky Mountain Nuggets batting - Pitching for Hartford Whalers : RHP Dave Parrish
Batting: RHB Mark Melton 0-0: Ball
1-0: Called Strike
1-1: DOUBLE (Line Drive, 7LD)
Batting: SHB Quan Ge 0-0: Foul Ball, location: 2F
0-1: Ball
1-1: Ground out 1-3 (Groundball, 23)
Mark Melton to third
Batting: RHB Mike Green 0-0: Called Strike
0-1: Swinging Strike
0-2: Fly out, F3 (Popup, 3L)
Batting: LHB John Braun 0-0: Ball
1-0: Ball
2-0: Foul Ball, location: 2F
2-1: Ball
3-1: Called Strike
3-2: Foul Ball, location: 2F
3-2: Foul Ball, location: 2F
3-2: SINGLE (Flyball, 6MD)
Mark Melton scores
Batting: LHB Keith McKnight 0-0: Ball
1-0: Ball
2-0: Fielders Choice at 2nd, U4 (Groundball, 4M)
Bottom of the 5th over - 1 run(s), 2 hit(s), 0 error(s), 1 left on base; Hartford 2 - Rocky Mountain 2
TOP OF THE 6TH
Hartford Whalers batting - Pitching for Rocky Mountain Nuggets : RHP John Braun
Batting: RHB Roberto Ramírez 0-0: Ground out 1-3 (Groundball, 13)
Batting: RHB Félix Rodríguez 0-0: Ball
1-0: Foul Ball, location: 2F
1-1: Swinging Strike
1-2: Foul Ball, location: 2F
1-2: SINGLE (Line Drive, 6MD)
Batting: RHB Tyrone Scott 0-0: Ball
1-0: Called Strike
1-1: Swinging Strike
1-2: Strikes out looking
Batting: SHB Robert Shelby 0-0: Called Strike
0-1: Ball
1-1: Fly out, F8 (Line Drive, 8LD)
Top of the 6th over - 0 run(s), 1 hit(s), 0 error(s), 1 left on base; Hartford 2 - Rocky Mountain 2
BOTTOM OF THE 6TH
Rocky Mountain Nuggets batting - Pitching for Hartford Whalers : RHP Dave Parrish
Now at 3B: Mike McDonald
Batting: RHB David Verhoeve 0-0: Called Strike
0-1: SINGLE (Groundball, 6D)
Batting: LHB Jason Potter 0-0: Ball
1-0: Called Strike
1-1: DOUBLE (Groundball, 5L)
David Verhoeve to third
Batting: RHB Juan Ávila 0-0: Ground out 6-3 (Groundball, 6M)
Batting: SHB Jim Morris 0-0: Intentional Walk
Batting: RHB Mark Melton 0-0: Ball
1-0: Foul Ball, location: 2F
1-1: Foul Ball, location: 2F
1-2: Foul Ball, location: 2F
1-2: Foul Ball, location: 2F
1-2: Foul Ball, location: 2F
1-2: Fly out, F9 (Line Drive, 9D)
Runner from 3rd tags up, SCORES, no throw
Jason Potter to third
Pitching: LHP Tony Cherena
Batting: SHB Quan Ge 0-0: Ball
1-0: Foul Ball, location: 2F
1-1: Foul Ball, location: 2F
1-2: Strikes out swinging
Bottom of the 6th over - 1 run(s), 2 hit(s), 0 error(s), 2 left on base; Hartford 2 - Rocky Mountain 3
TOP OF THE 7TH
Hartford Whalers batting - Pitching for Rocky Mountain Nuggets : RHP John Braun
Batting: LHB César Durán 0-0: Ball
1-0: Ball
2-0: Ball
3-0: Fly out, F8 (Flyball, 8RS)
Batting: LHB Leonardo López 0-0: Ball
1-0: Ball
2-0: Foul Ball, location: 2F
2-1: Foul Ball, location: 2F
2-2: Ball
3-2: Reached on error, E1 (Groundball, 13S)
Batting: RHB Dave Farr 0-0: Called Strike
0-1: Ball
1-1: Swinging Strike
1-2: Ground out 4-3 (Groundball, 4M)
Leonardo López to third
Batting: RHB Dave O'Day 0-0: Ball
1-0: Called Strike
1-1: Called Strike
1-2: Foul Ball, location: 2F
1-2: Foul Ball, location: 2F
1-2: Foul Ball, location: 2F
1-2: Ball
Wild Pitch!
Leonardo López scores
2-2: Ball
3-2: Ground out 6-3 (Groundball, 6)
Top of the 7th over - 1 run(s), 0 hit(s), 1 error(s), 0 left on base; Hartford 3 - Rocky Mountain 3
BOTTOM OF THE 7TH
Rocky Mountain Nuggets batting - Pitching for Hartford Whalers : LHP Tony Cherena
Batting: RHB Mike Green 0-0: Ball
1-0: Ground out 6-3 (Groundball, 6)
Batting: LHB John Braun 0-0: Swinging Strike
0-1: Ball
1-1: Swinging Strike
1-2: Ball
2-2: Strikes out swinging
Pinch Hitting: SHB Charles Waller 0-0: Ball
1-0: Ball
2-0: Ball
3-0: Base on Balls
Batting: RHB David Verhoeve 0-0: Ball
1-0: Swinging Strike
1-1: Foul Ball, location: 2F
1-2: Strikes out swinging
Bottom of the 7th over - 0 run(s), 0 hit(s), 0 error(s), 1 left on base; Hartford 3 - Rocky Mountain 3
TOP OF THE 8TH
Hartford Whalers batting - Pitching for Rocky Mountain Nuggets : RHP John Braun
Now in LF: Charles Waller
Pinch Hitting: SHB Julian Anthony 0-0: Ball
1-0: SINGLE (Flyball, 8RS)
Batting: RHB Roberto Ramírez 0-0: Foul Ball, location: 2F
0-1: Called Strike
0-2: Ground out 5-3 (Groundball, 5S)
Julian Anthony to second
Batting: RHB Félix Rodríguez 0-0: Foul Ball, location: 2F
0-1: Foul Ball, location: 2F
0-2: Ball
1-2: Ball
2-2: Ball
3-2: Fly out, F9 (Flyball, 9LD)
Runner from 2nd tags up, SAFE at 3rd with throw
Batting: RHB Mike McDonald 0-0: Foul Ball, location: 2F
0-1: Ball
1-1: Called Strike
1-2: Ball
2-2: Fly out, F8 (Line Drive, 8LD)
Top of the 8th over - 0 run(s), 1 hit(s), 0 error(s), 1 left on base; Hartford 3 - Rocky Mountain 3
BOTTOM OF THE 8TH
Rocky Mountain Nuggets batting - Pitching for Hartford Whalers : LHP Tony Cherena
Pitching: RHP Juan Hernández
Batting: LHB Jason Potter 0-0: Swinging Strike
0-1: Swinging Strike
0-2: Fly out, F5 (Line Drive, 56)
Batting: RHB Juan Ávila 0-0: Fly out, F9 (Flyball, 9D)
Batting: SHB Jim Morris 0-0: Ball
1-0: Ball
2-0: Ground out 6-3 (Groundball, 6M)
Bottom of the 8th over - 0 run(s), 0 hit(s), 0 error(s), 0 left on base; Hartford 3 - Rocky Mountain 3
TOP OF THE 9TH
Hartford Whalers batting - Pitching for Rocky Mountain Nuggets : RHP John Braun
Batting: SHB Robert Shelby 0-0: Called Strike
0-1: Ball
1-1: Foul Ball, location: 2F
1-2: Strikes out looking
Pitching: LHP Tommy Blevins
Batting: LHB César Durán 0-0: Ball
1-0: Foul Ball, location: 2F
1-1: Ball
2-1: Foul Ball, location: 2F
2-2: Strikes out swinging
Pitching: LHP Ryan Miller
Batting: LHB Leonardo López 0-0: Foul Ball, location: 2F
0-1: Called Strike
0-2: Ball
1-2: Strikes out swinging
Top of the 9th over - 0 run(s), 0 hit(s), 0 error(s), 0 left on base; Hartford 3 - Rocky Mountain 3
BOTTOM OF THE 9TH
Rocky Mountain Nuggets batting - Pitching for Hartford Whalers : RHP Juan Hernández
Pitching: RHP Esteban Arroyo
Batting: RHB Mark Melton 0-0: Called Strike
0-1: Swinging Strike
0-2: Ball
1-2: Ball
2-2: Foul Ball, location: 2F
2-2: Strikes out looking
Batting: SHB Quan Ge 0-0: Fly out, F5 (Popup, 25F)
Pinch Hitting: RHB Harold Coffman 0-0: Fly out, F8 (Flyball, 8LD)
Bottom of the 9th over - 0 run(s), 0 hit(s), 0 error(s), 0 left on base; Hartford 3 - Rocky Mountain 3
TOP OF THE 10TH
Hartford Whalers batting - Pitching for Rocky Mountain Nuggets : LHP Ryan Miller
Now at 3B: Clement Fields
Batting: RHB Dave Farr 0-0: Called Strike
0-1: Ball
1-1: Swinging Strike
1-2: Foul Ball, location: 2F
1-2: Strikes out swinging
Batting: RHB Dave O'Day 0-0: Swinging Strike
0-1: Ball
1-1: Ball
2-1: Fly out, F4 (Popup, 4D)
Pinch Hitting: RHB Mal Green 0-0: Called Strike
0-1: Foul Ball, location: 2F
0-2: Strikes out swinging
Top of the 10th over - 0 run(s), 0 hit(s), 0 error(s), 0 left on base; Hartford 3 - Rocky Mountain 3
BOTTOM OF THE 10TH
Rocky Mountain Nuggets batting - Pitching for Hartford Whalers : RHP Esteban Arroyo
Pitching: RHP Kelly Hampton
Pinch Hitting: LHB Peter Paul 0-0: Fly out, F8 (Flyball, 78M)
Batting: SHB Charles Waller 0-0: Ball
1-0: Called Strike
1-1: Swinging Strike
1-2: DOUBLE (Line Drive, 89M)
Batting: RHB David Verhoeve 0-0: Ball
1-0: Ball
2-0: Called Strike
2-1: Ball
3-1: Called Strike
3-2: SINGLE (Flyball, 9LS)
Charles Waller to third
Runner from 3rd tries for Home, SAFE, throw made home
This league is powered by Out of the Park Baseball, the baseball management simulation game for PC, Mac and Linux
Monday, May 4th, 2015 - OOTP Baseball 15.6 Build 34